 Dungeon Crawl Stone Soup version 0.27.1-34-g3ba077fa99 (webtiles) character file.

Game seed: 2895789756915109484

181551 raph the Phalangite (level 17, -4/146 HPs)
             Began as a Minotaur Gladiator on Jan 8, 2022.
             Was the Champion of Okawaru.
             Slain by a spark wasp (5 damage)
             ... on level 3 of the Spider Nest.
             The game lasted 01:16:53 (35976 turns).

raph the Phalangite (Minotaur Gladiator)           Turns: 35976, Time: 01:16:53

Health: -4/146     AC: 30    Str: 20 (23) XL:     17   Next: 68%
Magic:  3/23       EV: 18    Int:  4 (5)  God:    Okawaru [******]
Gold:   2767       SH:  0    Dex: 21 (23) Spells: 16/16 levels left

rFire    . . .     SeeInvis +   a - +3 bardiche
rCold    . . .     Faith    .   (shield currently unavailable)
rNeg     . . .     Spirit   .   U - +4 plate armour {rPois}
rPois    +         Reflect  .   j - +2 hat
rElec    +         Harm     .   O - +0 cloak of Space {rElec Dex+6}
rCorr    .         Rampage  .   L - +2 pair of gloves {Stlth+}
Will     +....                  T - +2 pair of boots {Fly}
Stlth    ..........             y - amulet of regeneration
HPRegen  1.34/turn              v - +4 ring of evasion
MPRegen  0.18/turn              z - ring "Ypsaeza" {Str+2 SInv}

@: flying, studying 4 skills
A: horns 2, retaliatory headbutt
a: Renounce Religion, Heroism, Finesse


You were on level 3 of the Spider Nest.
You worshipped Okawaru.
Okawaru was exalted by your worship.
You visited 6 branches of the dungeon, and saw 31 of its levels.
You visited the Abyss 1 time.
You also visited: Ice Cave and Volcano.

You collected 3278 gold pieces.
You spent 511 gold pieces at shops.

Inventory:

Hand Weapons
 a - a +3 bardiche (weapon)
 b - a +2 halberd of flaming
 M - a +1 demon trident of venom
Missiles
 m - 23 javelins (quivered)
 x - 7 throwing nets
 K - 2 boomerangs of dispersal
 P - 2 silver javelins
 Q - 7 curare-tipped darts
Armour
 j - a +2 hat (worn)
 p - a +1 crystal plate armour
 G - a +2 pair of boots of rampaging
 L - a +2 pair of gloves of stealth (worn)
 O - the +0 cloak of Space (worn) {rElec Dex+6}
   (You acquired it on level 5 of the Lair of Beasts)

   Dex:       It affects your dexterity (+6).
   rElec:     It insulates you from electricity.
 T - a +2 pair of boots of flying (worn)
 U - a +4 plate armour of poison resistance (worn)
Jewellery
 f - the ring of Dim Light {rF+ rCorr Int+6}
   (You acquired it on level 1 of the Swamp)

   [ring of intelligence]

   Int:       It affects your intelligence (+6).
   rF:        It protects you from fire.
   rCorr:     It protects you from acid and corrosion.
 k - the ring "Ficvi Dufus" {rC++ rN+ Will+ rCorr Dex-2}
   (You found it on level 14 of the Dungeon)

   [ring of willpower]

   Dex:       It affects your dexterity (-2).
   rC:        It greatly protects you from cold.
   rN:        It protects you from negative energy.
   rCorr:     It protects you from acid and corrosion.
   Will:      It increases your willpower.
 v - a +4 ring of evasion (left hand)
 y - an amulet of regeneration (around neck)
 z - the ring "Ypsaeza" (right hand) {Str+2 SInv}
   (You found it on level 11 of the Dungeon)

   [ring of see invisible]

   Str:       It affects your strength (+2).
   SInv:      It lets you see invisible.
Wands
 c - a wand of acid (9)
 d - a wand of digging (7)
 w - a wand of polymorph (8)
 F - a wand of paralysis (17)
 H - a wand of iceblast (51)
 N - a wand of flame (93)
 X - a wand of mindburst (13)
Scrolls
 n - a scroll of holy word
 q - 2 scrolls of fear
 A - 10 scrolls of teleportation
 C - 4 scrolls of identify
 D - 3 scrolls of fog
 E - 2 scrolls of blinking
 I - 7 scrolls of amnesia
 S - a scroll of enchant armour
 W - 4 scrolls of magic mapping
 Y - a scroll of silence
Potions
 e - 16 potions of curing
 g - 12 potions of might
 i - a potion of ambrosia
 l - a potion of resistance
 r - 2 potions of cancellation
 s - a potion of magic
 t - 2 potions of haste
 u - 4 potions of brilliance
 R - 2 potions of berserk rage
Miscellaneous
 B - a box of beasts
 Z - a tin of tremorstones (2/2)


   Skills:
 + Level 11.7 Fighting
 - Level 26.0 Polearms
 + Level 8.7 Throwing
 + Level 13.5 Armour
 + Level 12.9 Dodging
 + Level 9.7 Invocations
 * Level 8.9 Evocations


You had 16 spell levels left.
You didn't know any spells.
Your spell library contained the following spells:

 Spells                   Type           Power      Damage    Failure   Level
 Beastly Appendage        Tmut           0%         N/A       100%        1
 Magic Dart               Conj           0%         1d3       100%        1
 Sandblast                Erth           0%         2d4       100%        1
 Blink                    Tloc           N/A        N/A       100%        2
 Call Imp                 Summ           0%         N/A       100%        2
 Passwall                 Tmut/Erth      0%         N/A       100%        2
 Sublimation of Blood     Necr           0%         N/A       100%        2
 Wereblood                Tmut           0%         N/A       100%        2
 Inner Flame              Hex/Fire       0%         N/A       100%        3
 Lesser Beckoning         Tloc           0%         N/A       100%        3
 Mephitic Cloud           Conj/Pois/Air  0%         N/A       100%        3
 Ozocubu's Armour         Ice            0%         N/A       100%        3
 Spider Form              Tmut/Pois      0%         N/A       100%        3
 Stone Arrow              Conj/Erth      0%         3d7       100%        3
 Summon Guardian Golem    Hex/Summ       0%         N/A       100%        3
 Swiftness                Air            0%         N/A       100%        3
 Cause Fear               Hex            0%         N/A       100%        4
 Dispel Undead            Necr           0%         3d6       100%        4
 Olgreb's Toxic Radiance  Pois           0%         N/A       100%        4
 Petrify                  Tmut/Erth      0%         N/A       100%        4
 Summon Lightning Spire   Summ/Air       0%         N/A       100%        4
 Agony                    Necr           0%         N/A       100%        5
 Alistair's Intoxication  Tmut/Pois      0%         N/A       100%        5
 Bolt of Magma            Conj/Fire/Erth 0%         4d4       100%        5
 Borgnjor's Vile Clutch   Necr/Erth      0%         N/A       100%        5
 Irradiate                Conj/Tmut      0%         3d14      100%        5
 Lee's Rapid Deconstruct  Erth           0%         3d5*      100%        5
 Manifold Assault         Tloc           0%         N/A       100%        5
 Metabolic Englaciation   Hex/Ice        0%         N/A       100%        5
 Summon Forest            Summ/Tloc      0%         N/A       100%        5
 Summon Mana Viper        Hex/Summ       0%         N/A       100%        5
 Conjure Ball Lightning   Conj/Air       0%         3x3d6     100%        6
 Eringya's Noxious Bog    Tmut/Pois      0%         N/A       100%        6
 Invisibility             Hex            0%         N/A       100%        6
 Shadow Creatures         Summ           N/A        N/A       100%        6
 Simulacrum               Ice/Necr       0%         N/A       100%        6
 Dragon Form              Tmut           0%         N/A       100%        7
 Malign Gateway           Summ/Tloc      0%         N/A       100%        7
 Orb of Destruction       Conj           0%         N/A       100%        7
 Ozocubu's Refrigeration  Ice            0%         4d5       100%        7
 Spellforged Servitor     Conj/Summ      0%         N/A       100%        7
 Storm Form               Tmut/Air       0%         N/A       100%        7
 Discord                  Hex            0%         N/A       100%        8
 Disjunction              Tloc           0%         N/A       100%        8
 Ignition                 Fire           0%         3d3       100%        8
 Maxwell's Capacitive Co  Air            0%         ∞         100%        8
 Summon Horrible Things   Summ           0%         N/A       100%        8
 Death's Door             Necr           0%         N/A       100%        9
 Dragon's Call            Summ           0%         N/A       100%        9
 Shatter                  Erth           0%         3d5*      100%        9


Dungeon Overview and Level Annotations

Branches:
Dungeon (15/15)            Temple (1/1) D:4            Lair (6/6) D:9
  Swamp (4/4) Lair:3       Spider (3/4) Lair:3        Slime (0/5) Lair:6
    Orc (2/2) D:9             Elf (0/3) Orc:2        Vaults (0/5) D:14
 Depths (0/5) D:15          IceCv (visited)         Volcano (visited)

Altars:
Ashenzari
Cheibriados
Dithmenos
Elyvilon
Fedhas
Gozag
Hepliaklqana
Kikubaaqudgha
Makhleb
Nemelex Xobeh
Okawaru
Qazlal
Ru
Sif Muna
Trog
Uskayaw
Vehumet
Wu Jian
Xom
Yredelemnul
Zin
The Shining One
Jiyva

Shops:
D:7 :   D:15 (   Orc:1 [   Orc:2 [(*(

Annotations:
D:9 exclusion: obsidian statue
Lair:1 exclusion: oklob plant
Lair:3 exclusion: oklob plant
Swamp:4 1 exclusion, Bai Suzhen


Innate Abilities, Weirdness & Mutations

You have a pair of horns on your head.
You reflexively headbutt those who attack you in melee.


Message History

* * * LOW HITPOINT WARNING * * *
The spark wasp shocks you. You resist.
* * * LOW HITPOINT WARNING * * *
The jumping spider pounces on you but does no damage.
The jumping spider barely misses you. The redback misses you.
Blink to where?
Press: ? - help, Dir - move target, p - entropy weaver A redback comes into view.
Found a club.
As you read the scroll of blinking, it crumbles to dust.
As you read the scroll of summoning, it crumbles to dust.
Wisps of shadow whirl around you...
The spark wasp bursts into living lightning!
The living lightning misses you.
The spark wasp blinks!
The entropy weaver points at you and mumbles some strange words.
The entropic weave corrodes you! The spark wasp stings you.
* * * LOW HITPOINT WARNING * * *
The spark wasp shocks you. You resist.
* * * LOW HITPOINT WARNING * * *
Your ghost moth stares at the redback.
The spark wasp completely misses you.
You feel much better. The spark wasp stings you!!
* * * LOW HITPOINT WARNING * * *
The spark wasp shocks you. You resist.
* * * LOW HITPOINT WARNING * * *
Your ghost moth stares at the redback.
Your ghost moth hits the redback.
Your ghost moth closely misses the redback.
Your ghost moth stings the redback.
Your magical effects are unravelling.
You feel magically purged.
You are no longer corroded.
Your jumping spider barely misses the spark wasp.
Your jumping spider bites the spark wasp but does no damage.
The redback closely misses you. You furiously retaliate!
You headbutt the redback! The spark wasp stings you!
* * * LOW HITPOINT WARNING * * *
The spark wasp shocks you. You resist.
You die...

...............†....#
....................#
....................#
....^..........^..#
..................#
...^..............#
..................#
.....^syy.)....
..........#.@s......
............#.s.......
#.......!...#.........
#.....................
......................
.....^....B...........
..>......†...#........
..........)..#..##....
...^..ss......^.# #...


You could see an entropy weaver, a spark wasp (ally target), 2 redbacks, a
friendly ghost moth (summoned, invisible) and a friendly jumping spider
(summoned).

Vanquished Creatures
  Arachne (Spider:2)
  Rupert (D:14)
  A tentacled monstrosity (Swamp:3)
  The ghost of Taocaav the Crack Shot, an adept CeHu of Okawaru (Spider:2)
  Asterion (Spider:2)
  2 thorn hunters
  Kirke (Lair:6)
  An azure jelly (Swamp:4)
  2 ghost moths (Spider:3)
  An orc warlord (Orc:2)
  Louise (Swamp:4)
  The ghost of raph the Impaler, a journeyman MiGl of Okawaru (Orc:2)
  A reaper (IceCv)
  A lorocyproca (Abyss:2)
  4 bunyips
  Snorg (D:13)
  A spark wasp (Spider:1)
  4 eleionomae
  An ettin (Orc:2)
  A great orb of eyes (Abyss:2)
  Josephine (Lair:4)
  A shambling mangrove (Swamp:1)
  An ogre mage (D:12)
  20 hydras
  Harold (D:7)
  4 boulder beetles
  6 centaur warriors
  A catoblepas (D:13)
  5 alligators
  10 two-headed ogres
  9 death yaks
  A tengu warrior (D:14)
  A thrashing horror (Abyss:2)
  A spriggan berserker (Swamp:3)
  5 orc high priests (Orc:2)
  5 spriggans
  A hell knight (Volcano)
  Nergalle (D:11)
  A wretched star (Abyss:2)
  3 spriggan druids
  5 skeletal warriors (D:11)
  5 goliath frogs
  2 swamp dragons
  Pikel (D:9)
  5 orb spiders
  5 bog bodies
  10 orc knights
  The ghost of soepske the Shield-Bearer, a novice FoFi of Okawaru (D:5)
  A wizard (D:15)
  3 ugly things (Volcano)
  2 deep elf pyromancers (D:12)
  11 wolf spiders
  A necromancer (D:15)
  A will-o-the-wisp (Swamp:3)
  4 orc sorcerers
  5 manticores
  8 cyclopes
  3 black mambas
  2 ice statues (IceCv)
  12 elephants
  A rust devil (Abyss:2)
  An apocalypse crab (Abyss:2)
  7 cane toads
  A smoke demon (Volcano)
  2 naga magi (D:15)
  2 molten gargoyles (Volcano)
  3 rime drakes
  2 freezing wraiths
  5 komodo dragons
  A yaktaur (D:14)
  Maggie (D:6)
  An efreet (D:14)
  6 entropy weaver simulacra (IceCv)
  4 ice devils (IceCv)
  2 ancient zymes (Abyss:2)
  7 demonic crawlers
  An anaconda simulacrum (IceCv)
  A bloated husk (Swamp:1)
  A tengu conjurer (D:14)
  A red devil (Volcano)
  15 jumping spiders
  9 trolls
  Prince Ribbit (D:7)
  7 tyrant leeches
  3 polar bears
  A raiju (Abyss:2)
  10 hornets
  Grinder (D:4)
  26 blink frogs
  6 slime creatures (D:13)
  A meliai zombie (D:15)
  2 flying skulls (Abyss:2)
  Sigmund (D:3)
  4 large abominations (Abyss:2)
  A centaur simulacrum (D:14)
  28 redbacks
  3 shadows
  4 wraiths
  46 yaks
  12 tarantellas
  A fire bat (Volcano)
  3 dire elephant simulacra (IceCv)
  16 humans
  4 basilisks
  4 wyverns
  5 steam dragons
  A swamp worm simulacrum (Swamp:4)
  A chaos spawn (Abyss:2)
  A neqoxec (Abyss:2)
  3 hogs
  7 vampire mosquitoes
  Edmund (D:3)
  A harpy simulacrum (D:15)
  4 wargs
  A hydra simulacrum (Swamp:4)
  21 swamp worms
  3 acid dragons
  8 water moccasins
  2 ice beasts
  3 swamp drakes
  A sky beast (D:7)
  39 orc warriors
  A black bear (Lair:1)
  11 ogres
  4 boggarts (D:15)
  5 centaurs
  34 wolves
  2 lemures (D:9)
  3 kobold brigands
  4 gnoll sergeants
  10 bullfrogs
  A scorpion (D:6)
  2 two-headed ogre simulacra (IceCv)
  A cane toad simulacrum (IceCv)
  A hornet simulacrum (D:15)
  5 killer bees
  3 small abominations (Abyss:2)
  2 water moccasin skeletons (D:5)
  9 wights (D:6)
  3 electric eels
  5 howler monkeys
  7 lava snakes (Volcano)
  A quasit (Abyss:2)
  3 centaur zombies
  A starcursed mass (Abyss:2)
  A bullfrog zombie (D:5)
  3 jellies
  3 centaur skeletons
  34 orc priests
  4 gnoll shamans
  4 hounds
  A bullfrog skeleton (D:5)
  5 iguanas
  Terence (D:2)
  Natasha (thrice) (D:2)
  19 orc wizards
  A polar bear simulacrum (IceCv)
  A spriggan simulacrum (IceCv)
  A hound skeleton (D:5)
  19 gnolls
  A howler monkey zombie (D:9)
  6 adders
  A naga simulacrum (IceCv)
  2 white imps
  A swamp drake simulacrum (Swamp:4)
  A worm (D:4)
  4 dart slugs
  85 orcs
  5 endoplasms
  3 giant cockroaches
  11 goblins
  2 hobgoblins
  4 quokkas
  3 ball pythons
  12 bats
  3 frilled lizards
  21 kobolds
  5 rats
942 creatures vanquished.

Vanquished Creatures (others)
  An eleionoma (Swamp:4)
  A spriggan berserker (Swamp:1)
  An unseen horror (D:12)
  2 bloated husks
  A jumping spider (Spider:2)
  2 humans (Lair:6)
  A swamp worm (Swamp:4)
  An orc wizard (D:4)
  3 briar patches
  2 foxfires (Swamp:3)
  34 fungi
  43 plants
  2 starspawn tentacles (Abyss:2)
94 creatures vanquished.

Grand Total: 1036 creatures vanquished

Notes
Turn   | Place    | Note
-------+----------+-------------------------------------------
     0 | D:1      | raph the Minotaur Gladiator began the quest for the Orb.
     0 | D:1      | Reached XP level 1. HP: 18/18 MP: 0/0
    90 | D:1      | Reached skill level 4 in Polearms
   181 | D:1      | Reached XP level 2. HP: 16/25 MP: 1/1
   543 | D:1      | Reached skill level 5 in Polearms
   625 | D:1      | Reached XP level 3. HP: 30/30 MP: 2/2
   969 | D:2      | Noticed Terence
  1823 | D:2      | Noticed Natasha
  1828 | D:2      | Killed Natasha
  1829 | D:2      | Reached skill level 6 in Polearms
  1829 | D:2      | Reached XP level 4. HP: 37/37 MP: 3/3
  1983 | D:2      | Noticed Natasha
  2167 | D:2      | Killed Terence
  2311 | D:3      | Found a sacrificial altar of Ru.
  2362 | D:2      | Killed Natasha
  2635 | D:3      | Noticed Sigmund
  2649 | D:3      | Killed Sigmund
  2650 | D:3      | Reached skill level 8 in Polearms
  2650 | D:3      | Reached XP level 5. HP: 18/42 MP: 4/4
  2650 | D:3      | Reached XP level 6. HP: 21/50 MP: 5/5
  3436 | D:3      | Found a faded altar of an unknown god.
  3918 | D:4      | Noticed Edmund
  4052 | D:2      | Noticed Natasha
  4076 | D:2      | Killed Natasha
  4823 | D:4      | Reached skill level 9 in Polearms
  5007 | D:4      | Found a staircase to the Ecumenical Temple.
  5016 | Temple   | Entered the Ecumenical Temple
  5250 | Temple   | Became a worshipper of Warmaster Okawaru
  5408 | D:5      | Entered Level 5 of the Dungeon
  5780 | D:4      | Noticed Grinder
  5793 | D:4      | Killed Grinder
  5794 | D:4      | Reached skill level 10 in Polearms
  5794 | D:4      | Reached XP level 7. HP: 56/56 MP: 2/6
  6169 | D:4      | Found a basalt altar of Yredelemnul.
  6206 | D:5      | Found a transporter.
  6227 | D:5      | Noticed a steam dragon
  6238 | D:5      | Killed a steam dragon
  6238 | D:5      | Reached * piety under Okawaru
  6239 | D:5      | Reached skill level 11 in Polearms
  6490 | D:5      | Noticed soepske's ghost (novice FoFi)
  6515 | D:5      | Found a transporter.
  6604 | D:5      | Reached XP level 8. HP: 61/62 MP: 2/7
  6629 | D:5      | Reached ** piety under Okawaru
  6733 | D:5      | Reached skill level 12 in Polearms
  7173 | D:6      | Reached skill level 13 in Polearms
  7446 | D:6      | Reached *** piety under Okawaru
  7447 | D:6      | Reached XP level 9. HP: 62/68 MP: 2/8
  7610 | D:7      | Noticed Prince Ribbit
  7610 | D:7      | Found Xerchic's Book Boutique.
  7616 | D:7      | Killed Prince Ribbit
  7617 | D:7      | Reached skill level 14 in Polearms
  7617 | D:7      | Reached skill level 1 in Armour
  7645 | D:7      | Noticed Harold
  7824 | D:7      | Noticed Maggie
  7833 | D:6      | Killed Maggie
  7834 | D:6      | Reached skill level 1 in Invocations
  8549 | D:7      | Killed Harold
  8549 | D:7      | Reached **** piety under Okawaru
  8550 | D:7      | Reached skill level 5 in Dodging
  8822 | D:7      | Received a gift from Okawaru
  8844 | D:7      | Reached XP level 10. HP: 73/78 MP: 10/10
  9157 | D:8      | Found a shadowy altar of Dithmenos.
  9159 | D:8      | Noticed a two-headed ogre
  9168 | D:8      | Killed a two-headed ogre
  9169 | D:8      | Reached skill level 5 in Armour
  9317 | D:8      | Noticed a manticore
  9327 | D:8      | Killed a manticore
  9382 | D:8      | Identified the +3 robe of the Fisher {rF+ rC+ Dex+3}
  9453 | D:8      | Reached skill level 5 in Fighting
  9897 | D:9      | Found a staircase to the Lair.
 10024 | D:9      | Noticed an obsidian statue
 10395 | D:9      | Reached ***** piety under Okawaru
 10402 | D:9      | Noticed Pikel
 10419 | D:9      | Killed Pikel
 10419 | D:9      | Received a gift from Okawaru
 10842 | D:9      | Received a gift from Okawaru
 10847 | D:9      | Reached XP level 11. HP: 80/89 MP: 13/13
 11007 | D:9      | Found a staircase to the Orcish Mines.
 11296 | D:10     | Entered Level 10 of the Dungeon
 11363 | D:10     | Found the +7 Spriggan's Knife {stab, EV+4 Stlth+}
 11440 | D:10     | You fall into a shaft and drop 3 floors!
 11473 | D:13     | Noticed Snorg
 11487 | D:13     | HP: 2/89 [Snorg (9)]
 11493 | D:13     | Killed Snorg
 11494 | D:13     | Reached skill level 15 in Polearms
 11585 | D:13     | Noticed a centaur warrior
 11595 | D:13     | Killed a centaur warrior
 11596 | D:13     | Reached skill level 5 in Throwing
 11711 | D:11     | Noticed a two-headed ogre
 11712 | D:11     | Noticed a two-headed ogre
 11716 | D:11     | Killed a two-headed ogre
 11722 | D:11     | Killed a two-headed ogre
 11722 | D:11     | Identified the +1 pair of gloves of Jiel {Str+3 Dex-2}
                  | (Okawaru gifted it to you on level 11 of the Dungeon)
 11722 | D:11     | Received a gift from Okawaru
 11742 | D:11     | Noticed Nergalle
 11743 | D:11     | Noticed a four-headed hydra
 11762 | D:12     | Killed a four-headed hydra
 11763 | D:12     | Reached skill level 5 in Invocations
 11849 | D:12     | Noticed a deep elf pyromancer
 11853 | D:12     | Killed a deep elf pyromancer
 12311 | D:12     | Noticed a five-headed hydra
 12311 | D:12     | Noticed a wolf spider
 12311 | D:12     | Noticed a boulder beetle
 12311 | D:12     | Noticed a centaur warrior
 12381 | D:11     | Killed a wolf spider
 12382 | D:11     | You fall into a shaft and drop 3 floors!
 12414 | D:14     | Noticed a tengu warrior
 12476 | D:14     | Found a shimmering blue altar of Sif Muna.
 12487 | D:14     | Killed a tengu warrior
 12644 | D:13     | Noticed a centaur warrior
 12649 | D:13     | Reached skill level 16 in Polearms
 12654 | D:13     | Killed a centaur warrior
 12655 | D:13     | Reached XP level 12. HP: 34/100 MP: 13/15
 12863 | D:13     | Noticed a catoblepas
 12879 | D:13     | Killed a catoblepas
 12922 | D:13     | Noticed a boulder beetle
 12924 | D:13     | Noticed a two-headed ogre
 12924 | D:13     | Noticed a boulder beetle
 12936 | D:12     | Killed a two-headed ogre
 12936 | D:12     | Received a gift from Okawaru
 13063 | D:12     | Killed a boulder beetle
 13194 | D:11     | Killed Nergalle
 13273 | D:10     | Found a blossoming altar of Fedhas.
 13277 | D:10     | Found a snail-covered altar of Cheibriados.
 13283 | D:10     | Found a hazy altar of Hepliaklqana.
 13283 | D:10     | Found an ornate altar of the Wu Jian Council.
 13283 | D:10     | Found a hide-covered altar of Uskayaw.
 13284 | D:10     | Found an opulent altar of Gozag.
 13286 | D:10     | Found a glowing golden altar of the Shining One.
 13287 | D:10     | Found a glowing silver altar of Zin.
 13307 | D:10     | Noticed a two-headed ogre
 13313 | D:10     | Killed a two-headed ogre
 13792 | Lair:1   | Entered Level 1 of the Lair of Beasts
 13931 | Lair:1   | Reached skill level 17 in Polearms
 14064 | Lair:1   | Received a gift from Okawaru
 14246 | Lair:1   | Identified the +5 shortbow of the Realm of Zot {speed,
                  | rCorr Int+4 Dex-2 SInv}
 14814 | Lair:1   | Reached ****** piety under Okawaru
 14818 | Lair:1   | Reached XP level 13. HP: 28/108 MP: 17/17
 15148 | Lair:2   | Reached skill level 18 in Polearms
 15149 | Lair:2   | Received a gift from Okawaru
 15517 | Lair:2   | Received a gift from Okawaru
 15728 | Lair:2   | Received a gift from Okawaru
 16084 | Lair:2   | Identified the +0 hat of Demons {Will+} (Okawaru gifted it
                  | to you on level 2 of the Lair of Beasts)
 16084 | Lair:2   | Received a gift from Okawaru
 16101 | Lair:2   | Reached skill level 19 in Polearms
 16296 | Lair:3   | Found a frozen archway.
 16307 | IceCv    | Entered an ice cave
 17012 | IceCv    | Reached skill level 20 in Polearms
 17064 | IceCv    | Noticed a reaper
 17075 | IceCv    | Killed a reaper
 17840 | Lair:3   | Found a hole to the Spider Nest.
 17874 | Lair:3   | Found a staircase to the Swamp.
 18096 | Lair:4   | Found a dark tunnel.
 18099 | Lair:4   | Noticed Josephine
 18115 | Lair:4   | Killed Josephine
 18165 | Volcano  | Entered a volcano
 18220 | Volcano  | Received a gift from Okawaru
 18723 | Volcano  | Found a burning altar of Makhleb.
 18747 | Volcano  | Reached XP level 14. HP: 104/116 MP: 11/18
 18839 | Volcano  | Reached skill level 21 in Polearms
 18889 | Volcano  | Received a gift from Okawaru
 19505 | Lair:4   | Received a gift from Okawaru
 19910 | Lair:4   | Received a gift from Okawaru
 20341 | Lair:5   | Reached skill level 22 in Polearms
 20403 | Lair:5   | Identified 2 scrolls of acquirement
 20404 | Lair:5   | Acquired the +0 cloak of Space {rElec Dex+6}
 20405 | Lair:5   | Acquired a manual of Polearms
 20610 | Lair:5   | Received a gift from Okawaru
 20709 | Lair:5   | Identified the -5 cloak of Bad Feelings {Contam rF+ Str+3}
                  | (Okawaru gifted it to you on level 5 of the Lair of Beasts)
 20709 | Lair:5   | Received a gift from Okawaru
 21338 | Lair:6   | Entered Level 6 of the Lair of Beasts
 21378 | Lair:6   | Reached skill level 23 in Polearms
 21380 | Lair:6   | Noticed Kirke
 21539 | Lair:6   | Found a viscous altar of Jiyva.
 21653 | Lair:6   | Found a staircase to the Slime Pits.
 21713 | Lair:6   | Noticed a sphinx
 21713 | Lair:6   | Killed Kirke
 21714 | Lair:6   | Reached skill level 24 in Polearms
 22129 | D:5      | Killed soepske's ghost
 22304 | D:3      | Killed Edmund
 22607 | Orc:1    | Entered Level 1 of the Orcish Mines
 22976 | Orc:1    | Found Higeiwku's Armour Boutique.
 22985 | Orc:1    | Bought a +2 pair of boots of rampaging for 387 gold pieces
 23136 | Orc:2    | Entered Level 2 of the Orcish Mines
 23559 | Orc:1    | Reached XP level 15. HP: 110/123 MP: 19/19
 23916 | Orc:2    | Found a staircase to the Elven Halls.
 23956 | Orc:2    | Reached skill level 25 in Polearms
 24113 | Orc:2    | Identified the +9 great mace of Shrieking Prudence {freeze,
                  | rPois}
 24113 | Orc:2    | Identified the +6 great mace "Grim Tooth" {vorpal, rElec
                  | rN+ Str+3}
 24114 | Orc:2    | Noticed raph's ghost (journeyman MiGl)
 24116 | Orc:2    | Found a transporter.
 24120 | Orc:2    | Found a transporter.
 24128 | Orc:2    | Noticed an orc warlord
 24186 | Orc:2    | Killed an orc warlord
 24539 | Orc:2    | Received a gift from Okawaru
 25213 | Orc:2    | Found Ziucesitei's Antique Armour Shop.
 25213 | Orc:2    | Found Tassani's Weapon Shop.
 25214 | Orc:2    | Found Ygekkaku's Assorted Antiques.
 25214 | Orc:2    | Found Orauthrer's Weapon Shop.
 25224 | Orc:2    | Bought a scroll of teleportation for 93 gold pieces
 25224 | Orc:2    | Bought a scroll labelled UQASSU PIQA for 31 gold pieces
 25382 | Orc:2    | Killed raph's ghost
 25390 | Orc:2    | Reached skill level 26 in Polearms
 25422 | Orc:2    | Identified the +7 broad axe "Retty" {freeze, Str+4 Dex+3}
 25727 | D:11     | Reached skill level 1 in Evocations
 25829 | D:11     | Identified the ring "Ypsaeza" {Str+2 SInv}
 26004 | D:11     | Got the Incunabulum of Evil Rituals
 26527 | D:12     | Received a gift from Okawaru
 27182 | D:13     | Received a gift from Okawaru
 27235 | D:14     | Noticed Rupert
 27235 | D:14     | Found a gate to the Vaults.
 27370 | D:14     | Identified the ring "Ficvi Dufus" {rC++ rN+ Will+ rCorr
                  | Dex-2}
 27445 | D:14     | Killed Rupert
 27449 | D:14     | Reached skill level 10 in Armour
 27814 | D:14     | Reached skill level 10 in Dodging
 27921 | D:15     | Entered Level 15 of the Dungeon
 28244 | D:15     | Reached XP level 16. HP: 121/132 MP: 20/20
 28417 | D:15     | Cast into level 2 of the Abyss (a wizard)
 28684 | Abyss:2  | Paralysed by a great orb of eyes for 6 turns
 28972 | Abyss:2  | Noticed a tentacled starspawn
 29151 | D:15     | Escaped the Abyss
 29154 | D:15     | Reached skill level 5 in Evocations
 29210 | D:15     | Found a staircase to the Depths.
 29283 | D:15     | Found Akhluum's Antique Weapon Emporium.
 30033 | Swamp:1  | Entered Level 1 of the Swamp
 30114 | Swamp:1  | Reached skill level 10 in Fighting
 30125 | Swamp:1  | Received a gift from Okawaru
 30256 | Swamp:1  | Paralysed by a hornet for 2 turns
 30970 | Swamp:1  | Acquired a manual of Dodging
 30971 | Swamp:1  | Acquired a manual of Armour
 30976 | Swamp:1  | Acquired the ring of Dim Light {rF+ rCorr Int+6}
 31089 | Swamp:1  | Noticed a thorn hunter
 31103 | Swamp:1  | Killed a thorn hunter
 31519 | Swamp:2  | Noticed a thorn hunter
 31534 | Swamp:2  | Killed a thorn hunter
 32259 | Swamp:3  | Noticed a tentacled monstrosity
 32288 | Swamp:3  | Killed a tentacled monstrosity
 32494 | Swamp:3  | Received a gift from Okawaru
 32791 | Swamp:4  | Entered Level 4 of the Swamp
 32796 | Swamp:4  | Noticed Louise
 32805 | Swamp:4  | Killed Louise
 32827 | Swamp:4  | Reached XP level 17. HP: 139/143 MP: 22/22
 33674 | Swamp:4  | Noticed Bai Suzhen
 33758 | Spider:1 | Entered Level 1 of the Spider Nest
 34919 | Spider:1 | Received a gift from Okawaru
 35040 | Spider:2 | Noticed Asterion
 35041 | Spider:2 | Found a runed translucent gate.
 35041 | Spider:2 | Found a runed translucent gate.
 35041 | Spider:2 | Found a runed translucent gate.
 35062 | Spider:2 | Killed Asterion
 35275 | Spider:2 | Noticed Taocaav's ghost (adept CeHu)
 35278 | Spider:2 | Identified the +6 falchion "Fotib" {protect, rCorr Dex+3}
 35305 | Spider:2 | Killed Taocaav's ghost
 35544 | Spider:3 | Noticed Arachne
 35580 | Spider:2 | Killed Arachne
 35976 | Spider:3 | HP: 1/146 [spark wasp (17)]
 35976 | Spider:3 | Slain by a spark wasp

Illustrated notes

Levels and vault maps discovered:
D:1:      dpeg_arrival_pits, layout_basic, corexii_hall_statues_l,
          minmay_split_cup_small
D:2:      layout_loops_ring, hangedman_decor_growths, st_stairs_10,
          hangedman_decor_clover_reticule, uniq_terence, uniq_natasha
D:3:      layout_loops_corners, nicolae_ru_great_annihilating_truth,
          serial_co_window_serial, co_window_paths_a, co_window_paths_a,
          co_window_paths_b, co_window_corner_a, co_window_of_opportunity_a,
          co_window_2corner, co_window_of_opportunity_b,
          co_window_unsneaky_path_c, co_window_sun, co_window_4corner_b,
          shapermc_ecumenical_altar_venn, uniq_sigmund
D:4:      minmay_clustersquares, layout_basic, kennysheep_mini_moat,
          temple_hall, uniq_grinder, uniq_edmund
D:5:      layout_loops_cross, gammafunk_ghost_gnarly_gnolls, minmay_checkerbox
D:6:      layout_basic, bh_walls_and_bars
D:7:      layout_rooms, serial_shops, shop, uniq_maggie, uniq_harold,
          uniq_prince_ribbit1
D:8:      layout_loops_ring, mainiacjoe_overflow_cross_hatched,
          hangedman_minor_gate_pass
D:9:      layout_basic, lair_entry_dummy, david_orc_4, minmay_statue_bubble,
          uniq_pikel
D:10:     layout_loops_ring, minitemple, enter_bailey_3, dk_noncrumbling_3,
          glass_columns_b
D:11:     layout_cross, uniq_nergalle
D:12:     minmay_the_grid_plus [minmay_the_grid_x, minmay_the_grid_doors,
          minmay_the_grid_holed_spiral, minmay_the_grid_paths,
          minmay_the_grid_prize_big_room], layout_stronghold
D:13:     layout_rooms, uniq_snorg
D:14:     layout_basic, david_vaults_3, led_sif_pool,
          minmay_misc_feat_secret_circle
D:15:     grunt_enter_depths_magical_seal, layout_stronghold,
          chequers_arboretum, serial_shops, shop, small_chamber_with_monster,
          small_statue_intersection, minmay_misc_feat_plants
Temple:   minmay_temple_curvy_loop
Lair:1:   layout_regular_city, infiniplex_staircase_pool_2,
          minmay_lair_oklob_chamber, serial_bayou_shore_a, grunt_megastairs_3
Lair:2:   layout_misc_corridors, grunt_forest_large_clearings, lemuel_fruit_tree
Lair:3:   layout_cave_pods, nicolae_swamp_entry_splash_gauntlet,
          dummy_spider_entry, portal_ice_cave_entry_pillars_2,
          minmay_lair_oklob_bushes, grunt_megastairs_1
Lair:4:   layout_hall_layers, nicolae_volcano_entry_hallway, uniq_josephine
Lair:5:   layout_cellular_growth, serial_bayou_shore_b, grunt_megastairs_5
Lair:6:   gammafunk_lair_ancient_temple, layout_misc_corridors, slime_altar_1,
          gammafunk_ghost_berserking_beasts, uniq_kirke
Swamp:1:  layout_basic_swamp, hangedman_swamp_cone
Swamp:2:  layout_falls_marsh, evilmike_swamp_ruin_rubble_1
Swamp:3:  layout_basic_swamp, serial_swamp_ruin, evilmike_swamp_ruin_house_2,
          hangedman_swamp_ruin_hall, evilmike_swamp_ruin_rubble_2
Swamp:4:  swamp_icy, layout_basic_swamp, uniq_bai_suzhen, uniq_louise
Spider:1: layout_spider_delve, nicolae_spider_eight_legs
Spider:2: layout_spider_delve, ebering_ghost_rock_garden,
          nicolae_spider_cling_halls, uniq_asterion
Spider:3: layout_spider_delve, gammafunk_ghost_necromancy, uniq_arachne
Orc:1:    layout_caves, serial_shops, nicolae_lakefront_shop, mines_bat_river
Orc:2:    st_orc_pillars, layout_diamond_mine, gammafunk_ghost_smash

Skill      XL: |  1  2  3  4  5  6  7  8  9 10 11 12 13 14 15 16 17 |
---------------+----------------------------------------------------+-----
Polearms       | 4 5 6 8 10 11 13 14 16 17 20 24 26 | 26.0
Armour         | 4 6 8 9 10 12 13 | 13.5
Fighting       | 4 5 7 8 9 10 11 | 11.7
Dodging        | 5 7 8 9 10 11 12 | 12.9
Invocations    | 2 4 5 6 7 9 |  9.7
Throwing       | 3 4 5 6 7 8 |  8.7
Evocations     | 4 7 8 |  8.9

Action                   |  1- 3 |  4- 6 |  7- 9 | 10-12 | 13-15 | 16-18 || total
-------------------------+-------+-------+-------+-------+-------+-------++-------
Melee: Trident           |    67 |    44 |       |     8 |    48 |    63 ||   230
       Headbutt          |     8 |    15 |    52 |    97 |   325 |   231 ||   728
       Halberd           |       |    76 |   211 |       |       |       ||   287
       Glaive            |       |       |    28 |   370 |    59 |       ||   457
       Bardiche          |       |       |       |   167 |  1314 |   876 ||  2357
       Unarmed           |       |       |       |       |    12 |       ||    12
       Punch             |       |       |       |       |       |     3 ||     3
       Demon trident     |       |       |       |       |       |    28 ||    28
Throw: Boomerang         |     3 |     3 |       |       |       |       ||     6
       Throwing net      |       |     6 |       |       |       |       ||     6
       Javelin           |       |     6 |     3 |     8 |    57 |    27 ||   101
Invok: Heroism           |       |       |     2 |    13 |    23 |     6 ||    44
       Finesse           |       |       |       |     1 |     4 |     3 ||     8
Evoke: Wand              |       |       |       |       |     2 |       ||     2
  Use: Scroll            |     5 |     4 |     4 |    14 |    10 |    15 ||    52
       Potion            |       |       |       |     2 |     2 |     5 ||     9
 Stab: Sleeping          |     1 |       |       |       |       |       ||     1
       Held in net/web   |       |     1 |       |       |       |       ||     1
       Paralysed         |       |     1 |       |       |       |       ||     1
       Invisible         |       |       |       |     1 |       |       ||     1
       Petrified         |       |       |       |     5 |       |       ||     5
       Confused          |       |       |       |       |       |     3 ||     3
Armor: Leather armour    |     8 |     1 |       |       |       |       ||     9
       Scale mail        |       |    37 |     9 |       |       |       ||    46
       Plate armour      |       |       |    93 |   348 |   339 |   443 ||  1223
       Crystal plate arm |       |       |       |       |   449 |   119 ||   568
Dodge: Dodged            |    37 |    44 |    99 |   434 |   849 |   687 ||  2150
